| TOP OF THE 1ST |
|
Joplin Blasters batting - Pitching for Miami Beach Marlins : RHP Jamie Rappoport
|
|
Pitching: RHP Jamie Rappoport
|
|
|
Batting: LHB Efrem Isaev
|
0-0: Ball 1-0: Ball 2-0: Foul Ball, location: 2F 2-1: Ball 3-1: Base on Balls
|
|
Batting: RHB Kevin Lea
|
0-0: Called Strike 0-1: Ground out 5-3 (Groundball, 5L, EV 100.0 MPH) Efrem Isaev to second
|
|
Batting: RHB Tanner Holland
|
0-0: Ball 1-0: Ball 2-0: Called Strike 2-1: Foul Ball, location: 2F 2-2: Strikes out swinging
|
|
Batting: RHB Simon Sultzbach
|
0-0: Called Strike 0-1: Called Strike 0-2: Strikes out swinging
|
| Top of the 1st over - 0 runs, 0 hits, 0 errors, 1 left on base; Joplin 0 - Miami Beach 0 |
| BOTTOM OF THE 1ST |
|
Miami Beach Marlins batting - Pitching for Joplin Blasters : RHP Abban Sartika
|
|
Pitching: RHP Abban Sartika
|
|
|
Batting: RHB Torquato Uso
|
0-0: Ball 1-0: Ball 2-0: Called Strike 2-1: Ground out 2-3 (Groundball, 2L, EV 68.8 MPH)
|
|
Batting: RHB Jim Smallwood
|
0-0: Called Strike 0-1: Ball 1-1: SINGLE (Groundball, 4M, EV 96.9 MPH) (infield hit)
|
|
Batting: SHB Emmet Brickowski
|
0-0: Ball Jim Smallwood is caught stealing 2nd base 2-6 1-0: Ball 2-0: Ball 3-0: Called Strike 3-1: Called Strike 3-2: Ground out 4-3 (Groundball, 4, EV 103.1 MPH)
|
| Bottom of the 1st over - 0 runs, 1 hit, 0 errors, 0 left on base; Joplin 0 - Miami Beach 0 |
| TOP OF THE 2ND |
|
Joplin Blasters batting - Pitching for Miami Beach Marlins : RHP Jamie Rappoport
|
|
Batting: RHB Steve Huebner
|
0-0: Swinging Strike 0-1: Ball 1-1: Foul Ball, location: 2F 1-2: Strikes out swinging
|
|
Batting: RHB Robert Carlos
|
0-0: Ball 1-0: Called Strike 1-1: Swinging Strike 1-2: Ball 2-2: Strikes out looking
|
|
Batting: RHB Nate Brewer
|
0-0: Foul Ball, location: 2F 0-1: Ball 1-1: Swinging Strike 1-2: Ball 2-2: Ball 3-2: Strikes out swinging
|
| Top of the 2nd over - 0 runs, 0 hits, 0 errors, 0 left on base; Joplin 0 - Miami Beach 0 |
| BOTTOM OF THE 2ND |
|
Miami Beach Marlins batting - Pitching for Joplin Blasters : RHP Abban Sartika
|
|
Batting: RHB Melvin Nava
|
0-0: Foul Ball, location: 2F 0-1: Called Strike 0-2: SOLO HOME RUN (Flyball, 7D, EV 102.5 MPH), Distance : 407 ft
|
|
Batting: RHB Orlando Melendres
|
0-0: Called Strike 0-1: Foul Ball, location: 2F 0-2: Foul Ball, location: 2F 0-2: Ball 1-2: Ball 2-2: Foul Ball, location: 2F 2-2: SINGLE (Line Drive, 5D, EV 98.8 MPH)
|
|
Batting: LHB Luis Ortegon
|
0-0: Foul Ball, location: 2F 0-1: Foul Ball, location: 2F 0-2: Ball 1-2: Foul Ball, location: 2F 1-2: Ball 2-2: Ball 3-2: Fielders Choice at 2nd, 6-4 (Groundball, 6D, EV 88.1 MPH)
|
|
Batting: RHB Timo Myers
|
0-0: Called Strike 0-1: Foul Ball, location: 2F 0-2: Ball 1-2: Ball 2-2: Ball 3-2: Strikes out swinging Luis Ortegon is caught stealing 2nd base 2-4 Batter strikes out.
|
| Bottom of the 2nd over - 1 run, 2 hits, 0 errors, 0 left on base; Joplin 0 - Miami Beach 1 |
| TOP OF THE 3RD |
|
Joplin Blasters batting - Pitching for Miami Beach Marlins : RHP Jamie Rappoport
|
|
Batting: RHB Angel Melendez
|
0-0: Ground out 6-3 (Groundball, 6, EV 103.1 MPH)
|
|
Batting: RHB Bobby Leon
|
0-0: Ball 1-0: Ball 2-0: Foul Ball, location: 2F 2-1: Swinging Strike 2-2: Strikes out looking
|
|
Batting: LHB Efrem Isaev
|
0-0: Foul Ball, location: 2F 0-1: Called Strike 0-2: Ball 1-2: Foul Ball, location: 2F 1-2: Ball 2-2: Strikes out looking
|
| Top of the 3rd over - 0 runs, 0 hits, 0 errors, 0 left on base; Joplin 0 - Miami Beach 1 |
| BOTTOM OF THE 3RD |
|
Miami Beach Marlins batting - Pitching for Joplin Blasters : RHP Abban Sartika
|
|
Batting: RHB Dustin Baker
|
0-0: Called Strike 0-1: SINGLE (Line Drive, 89S, EV 102.5 MPH)
|
|
Batting: RHB Mike Day
|
0-0: Foul Ball, location: 2F 0-1: Ball 1-1: Called Strike 1-2: Ball 2-2: Strikes out swinging
|
|
Batting: RHB Torquato Uso
|
0-0: Ball Pickoff Throw to First - Out! 1-3 CS 1-0: Ball 2-0: Ball 3-0: Base on Balls
|
|
Batting: RHB Jim Smallwood
|
0-0: Called Strike Torquato Uso steals 2nd, throwing error, E2 Torquato Uso to third 0-1: SINGLE (Groundball, 4M, EV 92.5 MPH) (infield hit) Torquato Uso scores
|
|
Batting: SHB Emmet Brickowski
|
0-0: Ball 1-0: Called Strike 1-1: Ball 2-1: Ball 3-1: Foul Ball, location: 2F 3-2: Foul Ball, location: 2F Pickoff Throw to First - Out! 1-3
|
| Bottom of the 3rd over - 1 run, 2 hits, 1 error, 0 left on base; Joplin 0 - Miami Beach 2 |
| TOP OF THE 4TH |
|
Joplin Blasters batting - Pitching for Miami Beach Marlins : RHP Jamie Rappoport
|
|
Batting: RHB Kevin Lea
|
0-0: Swinging Strike 0-1: Ball 1-1: Single, Error in OF, E7, batter to second base (Groundball, 56D, EV 105.0 MPH)
|
|
Batting: RHB Tanner Holland
|
0-0: Ball 1-0: Swinging Strike 1-1: Fly out, F8 (Flyball, 8RXD, EV 93.8 MPH) Runner from 2nd tags up, SAFE at 3rd, no throw by CF
|
|
Batting: RHB Simon Sultzbach
|
0-0: Called Strike 0-1: Swinging Strike 0-2: Ball 1-2: Foul Ball, location: 2F 1-2: Ball 2-2: Hit by Pitch
|
|
Batting: RHB Steve Huebner
|
0-0: Ball 1-0: Ball 2-0: Called Strike 2-1: Foul Ball, location: 2F 2-2: Foul Ball, location: 2F 2-2: Foul Ball, location: 2F 2-2: Strikes out looking
|
|
Batting: RHB Robert Carlos
|
0-0: Ball 1-0: SINGLE (Groundball, 3D, EV 102.5 MPH) Kevin Lea scores Simon Sultzbach to second Runner from 2nd tries for 3rd, SAFE, throw by RF made to third
|
|
Batting: RHB Nate Brewer
|
0-0: Ball 1-0: Ball 2-0: Ball 3-0: Called Strike 3-1: Swinging Strike 3-2: Strikes out swinging
|
| Top of the 4th over - 1 run, 2 hits, 1 error, 2 left on base; Joplin 1 - Miami Beach 2 |
| BOTTOM OF THE 4TH |
|
Miami Beach Marlins batting - Pitching for Joplin Blasters : RHP Abban Sartika
|
|
Batting: SHB Emmet Brickowski
|
0-0: Called Strike 0-1: Called Strike 0-2: Foul Ball, location: 2F 0-2: Ball 1-2: Ball 2-2: Ball 3-2: Ground out 4-3 (Groundball, 4, EV 83.8 MPH)
|
|
Batting: RHB Melvin Nava
|
0-0: Ball 1-0: Called Strike 1-1: Ball 2-1: Ball 3-1: Fly out, F7 (Flyball, 7, EV 82.5 MPH)
|
|
Batting: RHB Orlando Melendres
|
0-0: Called Strike 0-1: Called Strike 0-2: Hit by Pitch
|
|
Batting: LHB Luis Ortegon
|
0-0: Swinging Strike 0-1: Foul Ball, location: 2F 0-2: Ball 1-2: Ball 2-2: Foul Ball, location: 2F 2-2: Ball 3-2: Hit by Pitch Orlando Melendres to second
|
|
Batting: RHB Timo Myers
|
0-0: Fly out, F3 (Popup, 34S, EV 77.5 MPH)
|
| Bottom of the 4th over - 0 runs, 0 hits, 0 errors, 2 left on base; Joplin 1 - Miami Beach 2 |
| TOP OF THE 5TH |
|
Joplin Blasters batting - Pitching for Miami Beach Marlins : RHP Jamie Rappoport
|
|
Batting: RHB Angel Melendez
|
0-0: Ball 1-0: Ball 2-0: Ground out 5-3 (Groundball, 56S, EV 85.0 MPH)
|
|
Batting: RHB Bobby Leon
|
0-0: Foul Ball, location: 2F 0-1: Ball 1-1: Called Strike 1-2: Ball 2-2: Foul Ball, location: 2F 2-2: Strikes out swinging
|
|
Batting: LHB Efrem Isaev
|
0-0: Ball 1-0: Ball 2-0: Foul Ball, location: 2F 2-1: Called Strike 2-2: Fly out, F7 (Flyball, 7S, EV 88.1 MPH)
|
| Top of the 5th over - 0 runs, 0 hits, 0 errors, 0 left on base; Joplin 1 - Miami Beach 2 |
| BOTTOM OF THE 5TH |
|
Miami Beach Marlins batting - Pitching for Joplin Blasters : RHP Abban Sartika
|
|
Batting: RHB Dustin Baker
|
0-0: Called Strike 0-1: Ball 1-1: Ball 2-1: Swinging Strike 2-2: Strikes out swinging
|
|
Batting: RHB Mike Day
|
0-0: Fly out, F4 (Popup, 34D, EV 60.0 MPH)
|
|
Batting: RHB Torquato Uso
|
0-0: Ball 1-0: Swinging Strike 1-1: Foul Ball, location: 2F 1-2: Strikes out looking
|
| Bottom of the 5th over - 0 runs, 0 hits, 0 errors, 0 left on base; Joplin 1 - Miami Beach 2 |
| TOP OF THE 6TH |
|
Joplin Blasters batting - Pitching for Miami Beach Marlins : RHP Jamie Rappoport
|
|
Pitching: RHP Cliff Peters
|
|
|
Pinch Hitting: RHB Joe Gabriel
|
0-0: Ball 1-0: Ball 2-0: Called Strike 2-1: Ball 3-1: Called Strike 3-2: Base on Balls
|
|
Batting: RHB Josh Massey
|
0-0: Foul Ball, location: 2F 0-1: Foul Ball, location: 2F 0-2: Strikes out swinging
|
|
Batting: RHB Simon Sultzbach
|
0-0: Ball Joe Gabriel steals 2nd base 1-0: Ball Joe Gabriel is caught stealing 3rd base 2-5 2-0: Ball 3-0: Called Strike 3-1: Called Strike 3-2: Foul Ball, location: 2F 3-2: Strikes out swinging
|
| Top of the 6th over - 0 runs, 0 hits, 0 errors, 0 left on base; Joplin 1 - Miami Beach 2 |
| BOTTOM OF THE 6TH |
|
Miami Beach Marlins batting - Pitching for Joplin Blasters : RHP Abban Sartika
|
|
Now at 3B: Nate Brewer
|
|
|
Now in CF: Joe Gabriel
|
|
|
Batting: RHB Jim Smallwood
|
0-0: Ball 1-0: Fly out, F8 (Flyball, 89M, EV 73.8 MPH)
|
|
Batting: SHB Emmet Brickowski
|
0-0: Called Strike 0-1: Ball 1-1: Ball 2-1: Called Strike 2-2: Foul Ball, location: 2F 2-2: Foul Ball, location: 2F 2-2: Strikes out looking
|
|
Batting: RHB Melvin Nava
|
0-0: Foul Ball, location: 2F 0-1: Ball 1-1: Ball 2-1: Ball 3-1: Called Strike 3-2: Fly out, F4 (Line Drive, 4, EV 73.8 MPH)
|
| Bottom of the 6th over - 0 runs, 0 hits, 0 errors, 0 left on base; Joplin 1 - Miami Beach 2 |
| TOP OF THE 7TH |
|
Joplin Blasters batting - Pitching for Miami Beach Marlins : RHP Cliff Peters
|
|
Pinch Hitting: RHB Kyle Finney
|
0-0: Ball 1-0: Fly out, F7 (Flyball, 78S, EV 88.8 MPH)
|
|
Batting: RHB Robert Carlos
|
0-0: Ball 1-0: Fly out, F8 (Flyball, 78M, EV 95.0 MPH)
|
|
Pinch Hitting: RHB Colin Padgett
|
0-0: Called Strike 0-1: Ball 1-1: Called Strike 1-2: Ball 2-2: Strikes out swinging
|
| Top of the 7th over - 0 runs, 0 hits, 0 errors, 0 left on base; Joplin 1 - Miami Beach 2 |
| BOTTOM OF THE 7TH |
|
Miami Beach Marlins batting - Pitching for Joplin Blasters : RHP Abban Sartika
|
|
Now at 3B: Josh Lane
|
|
|
Now in RF: Donnie Bednarz
|
|
|
Batting: RHB Orlando Melendres
|
0-0: Reached on error, E3 (Groundball, 34S, EV 83.1 MPH)
|
|
Batting: LHB Luis Ortegon
|
0-0: Ball 1-0: Sac Bunt to 3S - play at first, batter OUT! 3-4 Orlando Melendres to second
|
|
Batting: RHB Timo Myers
|
0-0: Intentional Walk
|
|
Pitching: RHP David Bialas
|
|
|
Batting: LHB Takao Ogura
|
0-0: Called Strike 0-1: Foul Ball, location: 2F 0-2: Ball 1-2: Ball 2-2: Foul Ball, location: 2F 2-2: Foul Ball, location: 2F 2-2: Ball 3-2: Fielders Choice at 2nd, 6-4 (Groundball, 6M, EV 83.1 MPH) Orlando Melendres to third
|
|
Pinch Hitting: LHB Henry Huezo
|
0-0: Ball 1-0: Ball 2-0: Ball 3-0: Base on Balls Takao Ogura to second
|
|
Batting: RHB Torquato Uso
|
0-0: Ball 1-0: Foul Ball, location: 2F 1-1: Ball 2-1: Ball 3-1: Called Strike 3-2: Ground out 5-3 (Groundball, 5, EV 100.0 MPH)
|
| Bottom of the 7th over - 0 runs, 0 hits, 1 error, 3 left on base; Joplin 1 - Miami Beach 2 |
| TOP OF THE 8TH |
|
Joplin Blasters batting - Pitching for Miami Beach Marlins : RHP Cliff Peters
|
|
Now in LF: Henry Huezo
|
|
|
Now in RF: Josh Jones
|
|
|
Pinch Hitting: RHB Milanni Isaaka
|
0-0: Ball 1-0: Ball 2-0: Foul Ball, location: 2F 2-1: Fly out, F8 (Line Drive, 89M, EV 90.0 MPH)
|
|
Pinch Hitting: RHB Jin-hoi Hur
|
0-0: Foul Ball, location: 2F 0-1: Foul Ball, location: 2F 0-2: Strikes out looking
|
|
Batting: LHB Efrem Isaev
|
0-0: Ball 1-0: Swinging Strike 1-1: Foul Ball, location: 2F 1-2: Ball 2-2: SINGLE (Groundball, 6MD, EV 97.5 MPH)
|
|
Batting: RHB Joe Gabriel
|
0-0: Swinging Strike 0-1: Ball 1-1: Swinging Strike 1-2: Foul Ball, location: 2F 1-2: Foul Ball, location: 2F 1-2: Ball 2-2: Fly out, F8 (Flyball, 8RS, EV 88.8 MPH)
|
| Top of the 8th over - 0 runs, 1 hit, 0 errors, 1 left on base; Joplin 1 - Miami Beach 2 |
| BOTTOM OF THE 8TH |
|
Miami Beach Marlins batting - Pitching for Joplin Blasters : RHP David Bialas
|
|
Now at 2B: Jin-hoi Hur
|
|
|
Now at SS: Milanni Isaaka
|
|
|
Batting: RHB Jim Smallwood
|
0-0: Foul Ball, location: 2F 0-1: Foul Ball, location: 2F 0-2: Foul Ball, location: 2F 0-2: Foul Ball, location: 2F 0-2: Foul Ball, location: 2F 0-2: Ball 1-2: Ball 2-2: SINGLE (Groundball, 5D, EV 94.4 MPH)
|
|
Batting: SHB Emmet Brickowski
|
0-0: Called Strike 0-1: Ball 1-1: Ball 2-1: Called Strike Jim Smallwood is caught stealing 2nd base 2-6 2-2: Ball 3-2: SINGLE (Groundball, 4MD, EV 96.9 MPH)
|
|
Batting: RHB Melvin Nava
|
0-0: Called Strike Emmet Brickowski steals 2nd base 0-1: Fly out, F6 (Popup, 6M, EV 59.4 MPH)
|
|
Pitching: RHP Ramiro Castillo
|
|
|
Batting: RHB Orlando Melendres
|
0-0: Ball 1-0: Ball 2-0: Called Strike 2-1: Ball 3-1: Base on Balls
|
|
Batting: RHB Josh Jones
|
0-0: Fly out, F7 (Flyball, 7LM, EV 88.8 MPH)
|
| Bottom of the 8th over - 0 runs, 2 hits, 0 errors, 2 left on base; Joplin 1 - Miami Beach 2 |
| TOP OF THE 9TH |
|
Joplin Blasters batting - Pitching for Miami Beach Marlins : RHP Cliff Peters
|
|
Pitching: RHP Franklin Vazquez
|
|
|
Now at 1B: Kazumi Inouye
|
|
|
Batting: RHB Josh Massey
|
0-0: Ball 1-0: Called Strike 1-1: Ball 2-1: Ball 3-1: Called Strike 3-2: Strikes out swinging
|
|
Batting: RHB Simon Sultzbach
|
0-0: Swinging Strike 0-1: Reached via error on a dropped throw from SS, E3 (Groundball, 6, EV 90.6 MPH)
|
|
Batting: RHB Donnie Bednarz
|
0-0: Called Strike 0-1: Ball 1-1: Ball 2-1: Ball 3-1: Called Strike 3-2: Foul Ball, location: 2F 3-2: Base on Balls Simon Sultzbach to second
|
|
Batting: RHB Robert Carlos
|
0-0: Called Strike 0-1: Foul Ball, location: 2F 0-2: Ball 1-2: Ball 2-2: Foul Ball, location: 2F 2-2: Ball 3-2: Strikes out swinging
|
|
Pinch Hitting: RHB Nick Spriggs
|
0-0: Fly out, F8 (Flyball, 78S, EV 90.0 MPH)
|
| Top of the 9th over - 0 runs, 0 hits, 1 error, 2 left on base; Joplin 1 - Miami Beach 2 |
|